 Dungeon Crawl Stone Soup version 0.28.0-62-gf88900778d (webtiles) character file.

Game seed: 10173862294214941155

139909 cbfl8 the Severer (level 16, -12/151 HPs)
             Began as a Minotaur Berserker on June 29, 2023.
             Was the Champion of Trog.
             Hit by a silver javelin thrown by a merfolk javelineer (15 damage)
             ... on level 1 of the Shoals.
             The game lasted 00:40:23 (36904 turns).

cbfl8 the Severer (Minotaur Berserker)             Turns: 36904, Time: 00:40:24

Health: -12/151    AC: 24    Str: 25    XL:     16   Next: 74%
Magic:  13/13      EV:  9    Int:  7    God:    Trog [******]
Gold:   2561       SH: 17    Dex: 13    Spells: 15/15 levels left

rFire   + . .      SeeInvis +   L - +0 broad axe (spect)
rCold   + . .      Faith    .   G - +0 kite shield
rNeg    . . .      Spirit   .   E - +2 plate armour {Will+}
rPois   +          Reflect  +   (helmet unavailable)
rElec   +          Harm     .   v - +2 cloak {rPois}
rCorr   +          Rampage  .   k - +0 pair of gloves
Will    ++...                   o - +1 pair of boots of Oblivion {rCorr}
Stlth   ..........              t - amulet of reflection
HPRegen 0.35/turn               i - ring "Wufub Orphoe" {rElec rF+ rC- rCorr Int+3}
MPRegen 0.13/turn               q - ring of Eternal Night {rElec rC+ SInv}

@: studying Long Blades
A: horns 3, retaliatory headbutt, iridescent scales 1, clumsy 2, cold resistance
1, deformed body, low MP 1, strong 1
a: Renounce Religion, Berserk, Trog's Hand, Brothers in Arms


You were on level 1 of the Shoals.
You worshipped Trog.
Trog was exalted by your worship.
You visited 5 branches of the dungeon, and saw 26 of its levels.
You also visited: Sewer, Ossuary and Volcano.

You collected 3322 gold pieces.
You spent 761 gold pieces at shops.

Inventory:

Hand Weapons
 L - a +0 spectral broad axe (weapon)
 M - a +1 broad axe of flaming
Armour
 k - a +0 pair of gloves (worn)
 o - the +1 pair of boots of Oblivion (worn) {rCorr}
   (You acquired it on level 4 of the Lair of Beasts)

   rCorr:     It protects you from acid and corrosion.
 v - a +2 cloak of poison resistance (worn)
 E - a +2 plate armour of willpower (worn)
 G - a +0 kite shield (worn)
Jewellery
 g - a ring of see invisible
 i - the ring "Wufub Orphoe" (left hand) {rElec rF+ rC- rCorr Int+3}
   (You found it on level 1 of the Lair of Beasts)

   [ring of resist corrosion]

   Int:       It affects your intelligence (+3).
   rF:        It protects you from fire.
   rC:        It makes you vulnerable to cold.
   rElec:     It insulates you from electricity.
   rCorr:     It protects you from acid and corrosion.
 q - the ring of Eternal Night (right hand) {rElec rC+ SInv}
   (You found it on level 6 of the Lair of Beasts)

   [ring of see invisible]

   rC:        It protects you from cold.
   rElec:     It insulates you from electricity.
   SInv:      It lets you see invisible.
 t - an amulet of reflection (around neck)
 I - a ring of flight
Wands
 b - a wand of paralysis (2) (quivered)
 f - a wand of flame (18)
 s - a wand of polymorph (24)
 F - a wand of iceblast (11)
 J - a wand of digging (12)
Scrolls
 h - 5 scrolls of magic mapping
 m - 6 scrolls of enchant armour
 u - 3 scrolls of holy word
 w - 2 scrolls of noise {unknown}
 D - a scroll of fog
 K - 2 scrolls of enchant weapon
Potions
 a - 9 potions of heal wounds
 c - 3 potions of lignification {unknown}
 d - a potion of berserk rage {unknown}
 e - 4 potions of attraction {unknown}
 j - a potion of ambrosia {unknown}
 n - 2 potions of cancellation
 r - 8 potions of might
 x - a potion of resistance
 A - 2 potions of invisibility {unknown}
 C - 14 potions of curing
 H - 4 potions of haste {unknown}
 O - 2 potions of degeneration {unknown}
 R - a potion of flight
Miscellaneous
 l - a piece from Xom's chessboard (15/15)
 P - a phial of floods
 Q - a lightning rod (4/4)


   Skills:
 + Level 16.1 Fighting
 + Level 19.4 Axes
 + Level 16.3 Armour
 + Level 5.7 Dodging
 + Level 4.9 Stealth
 + Level 11.7 Shields
 * Level 12.9 Evocations


You had 15 spell levels left.
You didn't know any spells.
Your spell library was empty.

Dungeon Overview and Level Annotations

Branches:
Dungeon (15/15) Temple (0/1) D:7 Lair (6/6) D:10 Shoals (1/4) Lair:4 Snake (0/4) Lair:4 Slime (0/5) Lair:5 Orc (2/2) D:10 Elf (2/3) Orc:2 Vaults (0/5) D:13 D:14 Depths (0/4) D:15 Sewer (visited) Ossuary (visited) Volcano (visited)

Altars:
Ashenzari
Cheibriados
Dithmenos
Elyvilon
Gozag
Makhleb
Nemelex Xobeh
Okawaru
Qazlal
Ru
Sif Muna
Uskayaw
Vehumet
Wu Jian
Xom
Zin
The Shining One
Beogh
Jiyva

Shops:
D:7 *   D:9 (   D:14 *   Orc:2 =*[(

Portals:
Hell: Lair:6

Annotations:
Orc:2 1 exclusion


Innate Abilities, Weirdness & Mutations

You have a pair of large horns on your head.
You reflexively headbutt those who attack you in melee.
You are partially covered in iridescent scales. (AC +2)
You are very clumsy. (Dex -4)
Your flesh is cold resistant. (rC+)
Armour fits poorly on your strangely shaped body.
Your magical capacity is low. (-10% MP)
Your muscles are strong. (Str +2)


Message History

The merfolk javelineer throws a silver javelin.
The silver javelin pierces through you! The silver sears you!
You see here a murky grey potion.
The merfolk javelineer throws a silver javelin.
The silver javelin pierces through you! The silver sears you!
There are no items here.
The merfolk javelineer throws a silver javelin.
The silver javelin pierces through you! The silver sears you!
You see here a murky grey potion.
j - a murky grey potion
Aiming: Paralyse
Press: ? - help, Q - select action, (/) - cycle Shift-Dir - straight line, f - merfolk javelineer
Aim: a merfolk javelineer, wielding a +2 spear of flaming, wearing a +0 leather armour and quivering silver javelins (chance to affect: 41%)
The merfolk javelineer resists with some effort.
The merfolk javelineer throws a silver javelin.
The silver javelin pierces through you!!
* * * LOW HITPOINT WARNING * * *
The silver sears you!
* * * LOW HITPOINT WARNING * * *
Aiming: Paralyse
Press: ? - help, Q - select action, (/) - cycle Shift-Dir - straight line, f/p - merfolk javelineer
Aim: a merfolk javelineer, wielding a +2 spear of flaming, wearing a +0 leather armour and quivering silver javelins (chance to affect: 41%)
The merfolk javelineer resists with some effort.
The merfolk javelineer throws a silver javelin.
The silver javelin pierces through you but does no damage.
The silver sears you!
* * * LOW HITPOINT WARNING * * *
As you read the scroll of fear, it crumbles to dust.
You assume a fearsome visage.
The merfolk javelineer resists with some effort.
The merfolk javelineer throws a silver javelin.
The silver javelin pierces through you!
* * * LOW HITPOINT WARNING * * *
The silver sears you!
* * * LOW HITPOINT WARNING * * *
As you read the scroll of summoning, it crumbles to dust.
Wisps of shadow whirl around you...
The merfolk javelineer throws a silver javelin.
The silver javelin pierces through you!
You die...

≈.....≈≈......#
..............#
......≈........
≈≈≈..≈.........
≈≈≈......m.....
≈≈≈...≈........
≈≈≈≈≈≈.........
≈≈≈≈≈≈≈≈.........
≈≈≈≈≈≈≈..@E......
≈≈≈≈≈≈≈≈t)†......
≈≈≈≈≈≈≈≈≈†?.###..
≈≈≈≈≈≈≈≈≈≈..###..
≈≈≈≈≈≈≈≈≈).......
≈≈≈≈≈.≈........##
≈≈≈≈...<..)....#
≈≈≈≈....##...≈≈..
≈≈≈≈≈≈.## ...≈≈..


You could see a merfolk javelineer (ally target), a friendly snapping turtle
(summoned) and a friendly water elemental (summoned).

Vanquished Creatures
  Kirke (Lair:5)
  A deep elf sorcerer (Elf:1)
  Aizul (Elf:2)
  4 orc warlords (Orc:2)
  A deep elf elementalist (Elf:1)
  The ghost of Tosithia the Geomancer, a journeyman GrEE of Vehumet (Lair:4)
  Nessos (D:13)
  A deep elf demonologist (Elf:2)
  2 deep elf annihilators (Elf:1)
  2 deep elf death magi (Elf:1)
  2 fire dragons
  13 hydras
  Harold (D:7)
  A deep elf high priest (Elf:1)
  An ice dragon (D:15)
  Erolcha (Orc:1)
  A boulder beetle (D:11)
  4 centaur warriors
  10 two-headed ogres
  2 tengu warriors (D:11)
  7 dancing weapons
  4 death yaks (Lair:4)
  Urug (D:14)
  5 deep elf knights (Elf:1)
  3 orc high priests (Orc:2)
  Sonja (D:12)
  Nergalle (D:12)
  A fire crab (Lair:4)
  A sixfirhy (Lair:6)
  A sea snake (Shoals:1)
  9 deep elf archers
  2 wizards
  2 lindwurms
  9 orc knights
  10 deep elf zephyrmancers (Elf:1)
  14 deep elf pyromancers
  7 orc sorcerers (Orc:2)
  12 ugly things
  4 cyclopes
  3 manticores
  3 salamanders (Volcano)
  Maurice (D:12)
  3 elephants (Lair:5)
  4 black mambas
  A molten gargoyle (Lair:5)
  A gargoyle (D:12)
  2 unseen horrors (D:12)
  An orange demon (Lair:6)
  7 rime drakes
  16 cane toads
  Psyche (D:12)
  An efreet (D:15)
  A freezing wraith (D:15)
  3 kobold demonologists (D:12)
  13 komodo dragons
  An ice devil (Lair:6)
  A hellwing (Lair:6)
  12 trolls
  3 red devils (Lair:6)
  4 polar bears
  2 merfolk (Shoals:1)
  2 hornets
  12 dream sheep
  27 blink frogs
  Sigmund (D:6)
  2 culicivoras (shapeshifter) (Elf:1)
  2 air elementals (Elf:1)
  2 water elementals
  2 shadows
  Eustachio (D:4)
  4 fire bats (Volcano)
  Grum (D:11)
  4 fire elementals (Elf:1)
  47 yaks
  2 wraiths (D:12)
  3 basilisks
  19 wyverns
  3 hogs (Lair:5)
  16 humans
  2 steam dragons
  Edmund (D:5)
  4 nagas (Lair:4)
  3 wargs
  Menkaure (D:6)
  Duvessa (D:5)
  4 hell hounds (Lair:6)
  An acid dragon (D:10)
  21 water moccasins
  57 orc warriors
  Pargi (Sewer)
  A necrophage (D:5)
  3 ice beasts
  A black bear (Lair:3)
  9 ogres
  12 wolves
  7 centaurs
  3 kobold brigands
  Blork the orc (D:6)
  10 bullfrogs
  4 earth elementals
  3 gnoll sergeants
  A wyvern zombie (D:7)
  12 scorpions
  A water moccasin zombie (D:5)
  2 water moccasin skeletons
  Dowan (D:5)
  4 wights (D:8)
  An electric eel (Lair:4)
  A howler monkey (D:6)
  7 centaur zombies
  3 hounds
  28 orc priests
  2 human zombies (Ossuary)
  Crazy Yiuf (D:5)
  4 iguanas
  3 scorpion zombies (Ossuary)
  33 orc wizards
  3 mummies (Ossuary)
  Robin (D:2)
  16 gnolls
  2 river rats (D:3)
  6 adders
  A shadow imp (D:8)
  A white imp (D:5)
  An adder skeleton (D:5)
  An adder zombie (D:5)
  3 worms (D:3)
  3 dart slugs
  120 orcs
  11 ball pythons
  4 bats
  4 endoplasms
  3 giant cockroaches
  11 goblins
  15 hobgoblins
  7 jackals
  5 quokkas
  10 frilled lizards
  A gnoll zombie (Ossuary)
  A goblin zombie (Ossuary)
  2 hobgoblin zombies (Ossuary)
  18 kobolds
  2 kobold zombies (Ossuary)
  An orc zombie (Ossuary)
  7 rats
  A plant (Lair:4)
894 creatures vanquished.

Vanquished Creatures (collateral kills)
  A deep elf pyromancer (Elf:1)
1 creature vanquished.

Vanquished Creatures (others)
  A deep elf knight (Elf:1)
  A deep elf zephyrmancer (Elf:1)
  An air elemental (Elf:1)
  14 fungi
  65 plants
82 creatures vanquished.

Grand Total: 977 creatures vanquished

Notes
Turn   | Place    | Note
-------+----------+-------------------------------------------
     0 | D:1      | cbfl8 the Minotaur Berserker began the quest for the Orb.
     0 | D:1      | Reached XP level 1. HP: 19/19 MP: 0/0
   436 | D:1      | Reached XP level 2. HP: 22/27 MP: 1/1
   633 | D:1      | Reached skill level 4 in Axes
  1057 | D:1      | Reached XP level 3. HP: 28/33 MP: 2/2
  1495 | D:2      | Reached ** piety under Trog
  1535 | D:2      | Found a faded altar of an unknown god.
  1575 | D:2      | Reached skill level 1 in Evocations
  1867 | D:2      | Noticed Robin
  1877 | D:2      | Reached XP level 4. HP: 37/41 MP: 3/3
  1877 | D:2      | Killed Robin
  2399 | D:3      | Reached *** piety under Trog
  2429 | D:3      | Found a glowing drain.
  2582 | Sewer    | Entered a sewer
  2654 | Sewer    | Noticed Pargi
  2663 | Sewer    | Killed Pargi
  2664 | Sewer    | Reached skill level 5 in Axes
  2664 | Sewer    | Reached XP level 5. HP: 47/47 MP: 4/4
  2850 | D:3      | Found a snail-covered altar of Cheibriados.
  3245 | D:3      | Found a hide-covered altar of Uskayaw.
  4086 | D:4      | Reached XP level 6. HP: 50/55 MP: 5/5
  4255 | D:4      | Identified the +2 leather armour of Lesser Demons {rPois}
  4315 | D:4      | Reached skill level 6 in Axes
  4465 | D:4      | Noticed Eustachio
  4470 | D:4      | Killed Eustachio
  4471 | D:4      | Reached skill level 5 in Fighting
  4471 | D:4      | Reached XP level 7. HP: 61/61 MP: 6/6
  4829 | D:5      | Entered Level 5 of the Dungeon
  4829 | D:5      | Noticed Edmund
  4838 | D:5      | Killed Edmund
  4839 | D:5      | Reached skill level 7 in Axes
  4839 | D:5      | Reached skill level 5 in Armour
  4984 | D:5      | Reached skill level 1 in Stealth
  5219 | D:5      | Found a radiant altar of Vehumet.
  5268 | D:5      | Noticed Dowan
  5268 | D:5      | Noticed Duvessa
  5279 | D:5      | Killed Dowan
  5280 | D:5      | Reached XP level 8. HP: 67/69 MP: 7/7
  5281 | D:5      | Killed Duvessa
  5610 | D:5      | Found a stormy altar of Qazlal.
  5657 | D:5      | Reached skill level 8 in Axes
  5804 | D:5      | Reached **** piety under Trog
  6096 | D:5      | Found an ornate altar of the Wu Jian Council.
  6191 | D:5      | Found a runed translucent door.
  6192 | D:5      | Noticed Crazy Yiuf
  6503 | D:5      | Killed Crazy Yiuf
  6818 | D:6      | Noticed Blork the orc
  6824 | D:6      | Killed Blork the orc
  6825 | D:6      | Reached XP level 9. HP: 71/78 MP: 8/8
  6872 | D:6      | Reached skill level 9 in Axes
  6872 | D:6      | Noticed Menkaure
  6883 | D:6      | Killed Menkaure
  7141 | D:6      | Found an opulent altar of Gozag.
  7201 | D:6      | Found a burning altar of Makhleb.
  7284 | D:6      | Noticed Sigmund
  7293 | D:6      | Killed Sigmund
  7294 | D:6      | Reached skill level 5 in Evocations
  7477 | D:6      | Found a shadowy altar of Dithmenos.
  7715 | D:7      | Found a staircase to the Ecumenical Temple.
  7743 | D:7      | Reached skill level 10 in Axes
  8079 | D:7      | Paralysed by a hornet for 1 turns
  8083 | D:7      | Paralysed by a hornet for 1 turns
  8120 | D:7      | Noticed Harold
  8183 | D:7      | Found a sand-covered staircase.
  8188 | Ossuary  | Entered an ossuary
  8391 | Ossuary  | Reached skill level 11 in Axes
  8472 | Ossuary  | Reached XP level 10. HP: 80/86 MP: 9/9
  8796 | D:7      | Found Gomuy's Assorted Antiques.
  8799 | D:7      | Bought a scroll labelled ETORAEKHLEB for 21 gold pieces
  8799 | D:7      | Bought a silvery potion for 18 gold pieces
  8799 | D:7      | Bought an inky potion for 18 gold pieces
  8799 | D:7      | Bought a wand of paralysis (6) for 42 gold pieces
  8936 | D:7      | Killed Harold
  9573 | D:8      | Reached skill level 12 in Axes
  9934 | D:8      | Reached ***** piety under Trog
 10377 | D:8      | Found an iron altar of Okawaru.
 10584 | D:8      | Found a shimmering altar of Xom.
 11222 | D:9      | Noticed a two-headed ogre
 11232 | D:9      | Killed a two-headed ogre
 11265 | D:9      | Found a shimmering blue altar of Sif Muna.
 11493 | D:9      | Found Cusmuuve's Antique Weapon Emporium.
 11530 | D:9      | Found a glowing silver altar of Zin.
 11834 | D:10     | Entered Level 10 of the Dungeon
 11957 | D:10     | Found a glowing golden altar of the Shining One.
 11965 | D:10     | Noticed a green ugly thing
 11966 | D:10     | Reached XP level 11. HP: 97/97 MP: 10/10
 11971 | D:10     | Killed a green ugly thing
 12297 | D:10     | Found a staircase to the Lair.
 12309 | D:10     | Found a sacrificial altar of Ru.
 12337 | D:10     | Noticed a two-headed ogre
 12348 | D:10     | Reached skill level 13 in Axes
 12349 | D:10     | Killed a two-headed ogre
 12350 | D:10     | Reached skill level 1 in Shields
 12820 | D:10     | Found a staircase to the Orcish Mines.
 12822 | D:10     | Noticed a two-headed ogre
 12829 | D:10     | Killed a two-headed ogre
 12976 | D:10     | You fall into a shaft and drop 1 floor!
 13000 | D:11     | Noticed a tengu warrior
 13001 | D:11     | Noticed a tengu warrior
 13013 | D:11     | Killed a tengu warrior
 13019 | D:11     | Killed a tengu warrior
 13020 | D:11     | Reached skill level 10 in Fighting
 13020 | D:11     | Reached skill level 10 in Armour
 13295 | D:10     | Found a white marble altar of Elyvilon.
 13295 | D:10     | Found a sparkling altar of Nemelex Xobeh.
 13525 | D:11     | Noticed a boulder beetle
 13525 | D:11     | Noticed an orc knight
 13534 | D:11     | Killed an orc knight
 13823 | D:11     | Killed a boulder beetle
 13955 | D:11     | Noticed Grum
 13965 | D:11     | Killed Grum
 14339 | D:11     | Reached skill level 14 in Axes
 14393 | D:12     | Noticed Nergalle
 14413 | D:12     | Killed Nergalle
 14907 | D:12     | Noticed Psyche
 14914 | D:12     | Killed Psyche
 14915 | D:12     | Reached XP level 12. HP: 103/105 MP: 11/11
 15003 | D:12     | Noticed a two-headed ogre
 15008 | D:12     | Killed a two-headed ogre
 15440 | D:12     | Noticed Sonja
 15450 | D:12     | Killed Sonja
 15751 | D:12     | Noticed Maurice
 15765 | D:12     | Killed Maurice
 15883 | D:12     | Received a gift from Trog
 16276 | D:13     | Noticed a centaur warrior
 16290 | D:13     | Killed a centaur warrior
 16361 | D:13     | Reached skill level 15 in Axes
 16387 | D:13     | Noticed a two-headed ogre
 16396 | D:13     | Killed a two-headed ogre
 16522 | D:13     | Noticed a five-headed hydra
 16536 | D:13     | Killed a 12-headed hydra
 16678 | D:13     | Noticed a four-headed hydra
 16685 | D:13     | Killed a seven-headed hydra
 16686 | D:13     | Noticed Nessos
 16699 | D:13     | Killed Nessos
 16700 | D:13     | Reached skill level 5 in Dodging
 17323 | D:14     | Noticed a centaur warrior
 17323 | D:14     | Noticed a two-headed ogre
 17323 | D:14     | Noticed Urug
 17323 | D:14     | Found a gate to the Vaults.
 17476 | D:14     | Found a broken altar of Ashenzari.
 17519 | D:14     | Killed Urug
 17530 | D:14     | Killed a two-headed ogre
 17531 | D:14     | Reached XP level 13. HP: 114/116 MP: 12/12
 17827 | D:14     | Reached skill level 16 in Axes
 18097 | D:14     | Found Sawkoc's Assorted Antiques.
 18108 | D:14     | Bought a golden potion for 22 gold pieces
 18108 | D:14     | Bought a scroll labelled RAUFI SUBUI for 25 gold pieces
 18108 | D:14     | Bought a scroll of identify for 50 gold pieces
 18108 | D:14     | Bought a silvery potion for 22 gold pieces
 18108 | D:14     | Bought a glowing broad axe for 175 gold pieces
 18108 | D:14     | Bought a potion of mutation for 200 gold pieces
 18440 | D:15     | Entered Level 15 of the Dungeon
 18692 | D:15     | Reached skill level 5 in Shields
 18986 | D:15     | Gained mutation: You are strong-willed. (Will+) [potion of
                  | mutation]
 18986 | D:15     | Gained mutation: You have a pair of large horns on your
                  | head. [potion of mutation]
 19514 | D:15     | Noticed a fire dragon
 19526 | D:15     | Killed a fire dragon
 19693 | D:15     | Found a staircase to the Depths.
 19748 | D:15     | Reached skill level 10 in Evocations
 20125 | Lair:1   | Entered Level 1 of the Lair of Beasts
 20614 | Lair:1   | Identified the ring "Wufub Orphoe" {rElec rF+ rC- rCorr
                  | Int+3}
 21091 | Lair:2   | Found a dark tunnel.
 21132 | Volcano  | Entered a volcano
 21583 | Volcano  | Reached XP level 14. HP: 124/127 MP: 13/13
 21752 | Volcano  | Reached skill level 17 in Axes
 23507 | Lair:3   | Received a gift from Trog
 24122 | Lair:4   | Found a staircase to the Shoals.
 25105 | Lair:4   | Found a staircase to the Snake Pit.
 25108 | Lair:4   | Reached skill level 18 in Axes
 25114 | Lair:4   | Reached ****** piety under Trog
 25413 | Lair:4   | Found a runed translucent gate.
 25414 | Lair:4   | Found a runed translucent gate.
 25415 | Lair:4   | Found a runed translucent gate.
 25417 | Lair:4   | Noticed Tosithia's ghost (journeyman GrEE)
 25842 | Lair:4   | Killed Tosithia's ghost
 25867 | Lair:4   | Identified a scroll of acquirement
 25871 | Lair:4   | Acquired the +1 pair of boots of Oblivion {rCorr}
 25937 | Lair:5   | Found a staircase to the Slime Pits.
 25938 | Lair:5   | Found a viscous altar of Jiyva.
 26542 | Lair:5   | Reached XP level 15. HP: 134/137 MP: 14/14
 26776 | Lair:5   | Noticed Kirke
 26787 | Lair:5   | Killed Kirke
 27267 | Lair:6   | Entered Level 6 of the Lair of Beasts
 27280 | Lair:6   | Received a gift from Trog
 27361 | Lair:6   | Identified the ring of Eternal Night {rElec rC+ SInv}
 27706 | Lair:6   | Reached skill level 15 in Armour
 28131 | Lair:6   | Found a burning altar of Makhleb.
 28155 | Lair:6   | Found a gateway to Hell.
 28258 | Lair:6   | Identified the +6 falchion of Conscience {flame, Int+2}
 28505 | Lair:6   | Received a gift from Trog
 28993 | Orc:1    | Entered Level 1 of the Orcish Mines
 28993 | Orc:1    | Noticed Erolcha
 28997 | Orc:1    | Killed Erolcha
 29645 | Orc:2    | Entered Level 2 of the Orcish Mines
 29694 | Orc:2    | Received a gift from Trog
 29858 | Orc:2    | Found a staircase to the Elven Halls.
 30449 | Orc:2    | Noticed an orc warlord
 30694 | Orc:2    | Killed an orc warlord
 30706 | Orc:2    | Reached skill level 15 in Fighting
 31072 | Orc:2    | Received a gift from Trog
 31241 | Orc:2    | Found Eredd's General Store.
 31242 | Orc:2    | Found Himiusam's Jewellery Shop.
 31244 | Orc:2    | Found Moci's Antique Armour Boutique.
 31244 | Orc:2    | Found Odysuoc's Antique Weapon Boutique.
 31296 | Orc:2    | Bought a scroll of summoning for 123 gold pieces
 31296 | Orc:2    | Bought a scroll of magic mapping for 45 gold pieces
 31442 | Orc:2    | Identified the +1 robe of the Volcano {rC+ SInv}
 31443 | Orc:2    | Noticed an orc warlord
 31498 | Orc:2    | Reached skill level 10 in Shields
 31502 | Orc:2    | Killed an orc warlord
 31683 | Orc:2    | Noticed an orc warlord
 31698 | Orc:2    | Killed an orc warlord
 31842 | Orc:2    | Reached XP level 16. HP: 140/149 MP: 15/15
 31876 | Orc:2    | Identified the +10 falchion of Solemn Reinforcement {drain,
                  | rF+ rN+ Will+ Str+4}
 31876 | Orc:2    | Identified the amulet "Miulimak" {-Tele rElec rN++ Will+
                  | Regen+}
 32100 | Orc:2    | Reached skill level 19 in Axes
 32689 | Elf:1    | Entered Level 1 of the Elven Halls
 32695 | Elf:1    | Paralysed by an air elemental for 1 turns
 32703 | Elf:1    | Received a gift from Trog
 32742 | Elf:1    | Found a radiant altar of Vehumet.
 33853 | Elf:1    | Paralysed by an air elemental for 1 turns
 34860 | Elf:1    | Received a gift from Trog
 35718 | Elf:1    | Gained mutation: You occasionally shout uncontrollably at
                  | your foes. [mutagenic glow]
 35727 | Elf:1    | Gained mutation: You are clumsy. (Dex -2) [mutagenic glow]
 35735 | Elf:1    | Lost mutation: You have a pair of large horns on your head.
                  | [potion of mutation]
 35735 | Elf:1    | Lost mutation: You are clumsy. (Dex -2) [potion of
                  | mutation]
 35735 | Elf:1    | Lost mutation: You occasionally shout uncontrollably at
                  | your foes. [potion of mutation]
 35735 | Elf:1    | Gained mutation: You are clumsy. (Dex -2) [potion of
                  | mutation]
 35735 | Elf:1    | Gained mutation: Your muscles are strong. (Str +2) [potion
                  | of mutation]
 35735 | Elf:1    | Gained mutation: You are partially covered in iridescent
                  | scales. (AC +2) [potion of mutation]
 35736 | Elf:1    | Lost mutation: Your muscles are strong. (Str +2) [potion of
                  | mutation]
 35736 | Elf:1    | Lost mutation: You are partially covered in iridescent
                  | scales. (AC +2) [potion of mutation]
 35736 | Elf:1    | Lost mutation: You are strong-willed. (Will+) [potion of
                  | mutation]
 35736 | Elf:1    | Gained mutation: You expend magic power (3 MP) to
                  | strengthen your wands. [potion of mutation]
 35736 | Elf:1    | Gained mutation: You are very clumsy. (Dex -4) [potion of
                  | mutation]
 35736 | Elf:1    | Gained mutation: You have a pair of large horns on your
                  | head. [potion of mutation]
 35741 | Elf:1    | Gained mutation: Armour fits poorly on your strangely
                  | shaped body. [mutagenic glow]
 35752 | Elf:1    | Gained mutation: You tend to lose your temper in combat.
                  | [mutagenic glow]
 35767 | Elf:1    | Gained mutation: You are partially covered in iridescent
                  | scales. (AC +2) [mutagenic glow]
 36139 | Elf:1    | Lost mutation: You have a pair of large horns on your head.
                  | [potion of mutation]
 36139 | Elf:1    | Lost mutation: You tend to lose your temper in combat.
                  | [potion of mutation]
 36139 | Elf:1    | Lost mutation: You expend magic power (3 MP) to strengthen
                  | your wands. [potion of mutation]
 36139 | Elf:1    | Gained mutation: You have a pair of large horns on your
                  | head. [potion of mutation]
 36139 | Elf:1    | Gained mutation: Your muscles are strong. (Str +2) [potion
                  | of mutation]
 36139 | Elf:1    | Gained mutation: Your magical capacity is low. (-10% MP)
                  | [potion of mutation]
 36139 | Elf:1    | Gained mutation: Your flesh is cold resistant. (rC+)
                  | [potion of mutation]
 36211 | Elf:2    | Noticed Aizul
 36227 | Elf:2    | Killed Aizul
 36821 | Shoals:1 | Entered Level 1 of the Shoals
 36903 | Shoals:1 | HP: 7/151 [merfolk javelineer/silver javelin (13)]
 36903 | Shoals:1 | HP: 2/151 [merfolk javelineer/silver javelin (5)]
 36904 | Shoals:1 | Hit by a silver javelin thrown by a merfolk javelineer

Illustrated notes

Levels and vault maps discovered:
D:1:      dpeg_cavernosity, layout_basic
D:2:      layout_basic, dreamdust_ecumenical_altar_statues, uniq_robin
D:3:      layout_basic, kennysheep_slug_shrine, lemuel_doored_altar,
          portal_sewer_entry_c
D:4:      layout_loops_ring, uniq_eustachio
D:5:      minmay_opposing_rooms, layout_basic, mainiacjoe_overflow_24_doors,
          nicolae_qazlal_eye_of_the_storm, nicolae_vehumet_radiance,
          amcnicky_mini_rare_corridor_liquid, uniq_edmund,
          uniq_crazy_yiuf_cottage, uniq_duvessa
D:6:      layout_rooms, grunt_gozag_breadcrumbs, mainiacjoe_overflow_catwalk,
          lemuel_crystal_altar, uniq_blork_the_orc, uniq_menkaure, uniq_sigmund
D:7:      layout_loops_corners, temple_doors_e,
          nicolae_ossuary_entry_false_entrances, serial_shops,
          nicolae_shop_behind_doors, nicolae_elevator_lobby_plus, uniq_harold
D:8:      layout_basic, okawaru_ov_weapons_minmay, general_overflow_altar
D:9:      layout_roguey, kennysheep_mini, zin_scriptorium, serial_shops,
          nicolae_shop_behind_doors
D:10:     nicolae_cairo_tiling_large_dashed, layout_layer_cave,
          hangedman_ru_absence, mainiacjoe_overflow_brackets, minitemple,
          grunt_ministairs_1
D:11:     layout_rooms, serial_curves, eino_curves_03, eino_curves_01,
          chequers_serial_rivers_small_a, uniq_grum
D:12:     layout_basic, uniq_nergalle, uniq_maurice, uniq_psyche, uniq_sonja
D:13:     layout_loops_ring, uniq_nessos
D:14:     layout_long_grid, david_vaults_3, serial_shops,
          nicolae_shop_overgrown_old_shop, minmay_misc_feat_hallway,
          evilmike_ruin_ashenzari
D:15:     grunt_enter_depths_hoard, layout_cave_pools, item_on_display_a
Lair:1:   layout_hall_layers, lemuel_fruit_fields
Lair:2:   layout_hall_layers, nicolae_volcano_entry_vermiform,
          grunt_megastairs_3
Lair:3:   layout_cave_pods
Lair:4:   layout_cave_pods, minmay_shoals_entry_centaurs,
          minmay_snake_entry_guardpost_medium, ebering_ghost_rock_garden,
          beast_lair_carwin_8, infiniplex_staircase_pool
Lair:5:   layout_gridlike, slime_altar_1, cheibrodos_lair_reptile_den,
          uniq_kirke
Lair:6:   evil_forest, layout_regular_city
Shoals:1: layout_shoals, serial_shops, nicolae_shop_window_shopping
Orc:1:    layout_caves, uniq_urug, uniq_erolcha
Orc:2:    st_orc_congregation, layout_diamond_mine, basic_altar,
          lemuel_statue_altar, minmay_orc_treasury
Elf:1:    eino_elf_arrival_altar, layout_gridlike, minivault_28,
          kilobyte_mutagenic_chamber
Elf:2:    elven_hall_of_blades_hangedman_original
          [nicolae_blade_entry_crossed_weapons], layout_onion_city,
          solitary_fountain, bh_hangedman_babel_library, uniq_aizul

Skill      XL: |  1  2  3  4  5  6  7  8  9 10 11 12 13 14 15 16 |
---------------+-------------------------------------------------+-----
Fighting       | 4 5 6 7 9 10 11 12 13 15 16 | 16.1
Axes           | 4 5 6 7 8 11 12 14 15 16 18 19 | 19.4
Evocations     | 1 2 3 4 5 6 8 9 10 11 12 | 12.9
Armour         | 3 4 5 6 8 9 10 12 13 14 15 16 | 16.3
Dodging        | 3 4 5 |  5.7
Stealth        | 1 2 3 4 |  4.9
Shields        | 2 4 5 8 10 11 | 11.7

Action                   |  1- 3 |  4- 6 |  7- 9 | 10-12 | 13-15 | 16-18 || total
-------------------------+-------+-------+-------+-------+-------+-------++-------
Melee: Hand axe          |    91 |    91 |       |       |       |       ||   182
       Headbutt          |    11 |    19 |    56 |   120 |   249 |    71 ||   526
       Punch             |     1 |       |     1 |    11 |     7 |       ||    20
       War axe           |       |    28 |   300 |   509 |   137 |       ||   974
       Broad axe         |       |       |       |       |   795 |   282 ||  1077
Invok: Berserk           |     1 |     3 |     7 |    11 |    14 |     4 ||    40
       Trog's Hand       |       |       |     2 |       |       |     1 ||     3
       Brothers in Arms  |       |       |       |       |       |     1 ||     1
Evoke: Wand              |       |       |     5 |     4 |    11 |     3 ||    23
  Use: Scroll            |       |     3 |     1 |    15 |    12 |    16 ||    47
       Potion            |       |       |       |       |     1 |     8 ||     9
 Stab: Paralysed         |       |       |       |    17 |     2 |       ||    19
       Distracted        |       |       |       |       |    11 |     5 ||    16
       Confused          |       |       |       |       |       |     1 ||     1
Armor: Animal skin       |     6 |       |       |       |       |       ||     6
       Scale mail        |    17 |    52 |    33 |       |       |       ||   102
       Skin              |       |       |     1 |       |       |       ||     1
       Chain mail        |       |       |   114 |    57 |       |       ||   171
       Plate armour      |       |       |       |   236 |   424 |   102 ||   762
Dodge: Dodged            |    56 |    54 |   157 |   229 |   279 |    56 ||   831
Block: Other             |       |       |       |   115 |    30 |       ||   145
       Reflection        |       |       |       |     2 |    23 |    32 ||    57
       Buckler           |       |       |       |       |   296 |       ||   296
       Kite shield       |       |       |       |       |   173 |   186 ||   359
